 Dungeon Crawl Stone Soup version 0.28.0-43-g3370ac3207 (webtiles) character file.

Game seed: 17262853347674090668

15434 issech the Basher (level 12, -1/107 HPs)
             Began as a Troll Monk on Mar 22, 2022.
             Was a High Priest of Hepliaklqana.
             Killed from afar by a molten gargoyle (13 damage)
             ... with a bolt of magma
             ... in a Gauntlet.
             The game lasted 00:59:03 (11796 turns).

issech the Basher (Troll Monk)                     Turns: 11796, Time: 00:59:04

Health: -1/107     AC: 10    Str: 22    XL:     12   Next: 1%
Magic:  11/11      EV: 16    Int: 10    God:    Hepliaklqana [*****.]
Gold:   471        SH: 10    Dex: 16    Spells: 11/11 levels left

rFire   + . .      SeeInvis .   M - +5 mace (freeze)
rCold   . . .      Faith    .   H - +0 kite shield
rNeg    . . .      Spirit   .   U - +2 steam dragon scales
rPois   .          Reflect  .   (helmet restricted)
rElec   .          Harm     .   D - +0 cloak "Inag" {Regen+ Slay+5 Stlth-}
rCorr   .          Rampage  .   (gloves unavailable)
Will    +....      NoTele   +   (boots unavailable)
Stlth   +++.......              (no amulet)
HPRegen 1.87/turn               t - ring "Oklykhal" {rF+ Will+ Int+4}
MPRegen 0.12/turn               J - +4 ring of evasion

@: hasted, very quick
A: reduced essence, large, unfitting armour, claws 3, regeneration 1, shaggy fur
1, tough skin 1, hooves 1, camouflage 1, wild magic 1
a: Renounce Religion, Recall Ancestor, Ancestor Identity, Transference, Idealise


You were in a Gauntlet.
You worshipped Hepliaklqana.
Hepliaklqana was extremely pleased with you.
You visited 2 branches of the dungeon, and saw 12 of its levels.
You also visited: Gauntlet.

You collected 591 gold pieces.
You spent 120 gold pieces at shops.

Inventory:

Hand Weapons
 M - a +5 mace of freezing (weapon)
 Q - a +3 scimitar of flaming
 S - a +0 giant spiked club
 T - a +0 morningstar
 V - a +0 dire flail
 Z - a +0 morningstar
Missiles
 d - 181 arrows
 k - 100 bolts
 l - 351 stones
 m - 10 large rocks (quivered)
 q - 26 sling bullets
 A - 48 poisoned darts
 I - a throwing net
 L - 8 boomerangs
 Y - 2 silver javelins
Armour
 D - the +0 cloak "Inag" (worn) {Regen+ Slay+5 Stlth-}
   (You found it in a Gauntlet)

   Slay:      It affects your accuracy & damage with ranged weapons and melee
   (+5).
   Regen:     It increases your rate of health regeneration.
   Stlth:     It makes you less stealthy.
 H - a +0 kite shield (worn)
 P - a +1 cloak of stealth
 U - +2 steam dragon scales (worn)
 X - a +2 cloak
Magical Staves
 y - a staff of cold
 G - a staff of poison
Jewellery
 i - a ring of flight
 r - a ring of magical power
 s - a ring of ice
 t - the ring "Oklykhal" (left claw) {rF+ Will+ Int+4}
   (You took it off a deep elf pyromancer on level 8 of the Dungeon)

   [ring of willpower]

   Int:       It affects your intelligence (+4).
   rF:        It protects you from fire.
   Will:      It increases your willpower.
 x - the ring of Hosuz {Fly Str+3}
   (You found it on level 3 of the Dungeon)

   [ring of flight]

   Str:       It affects your strength (+3).
   Fly:       It grants you flight.
 C - a +6 ring of intelligence
 J - a +4 ring of evasion (right claw)
 W - a ring of poison resistance
Wands
 b - a wand of iceblast (20)
 f - a wand of flame (20)
 h - a wand of paralysis (4)
 o - a wand of mindburst (20)
 N - a wand of acid (5)
Scrolls
 c - a scroll of magic mapping
 e - a scroll of fear
 g - 2 scrolls of immolation
 z - 8 scrolls of teleportation
 F - 3 scrolls of blinking
 K - 2 scrolls of amnesia
 R - a scroll of fog
Potions
 a - a potion of haste
 j - 3 potions of heal wounds
 p - 6 potions of curing
 u - 2 potions of flight {unknown}
 v - 2 potions of mutation
 w - a potion of invisibility {unknown}
 B - 2 potions of degeneration {unknown}
 E - 4 potions of attraction
Miscellaneous
 n - a phial of floods


   Skills:
 + Level 7.7 Fighting
 + Level 10.9 Maces & Flails
 + Level 2.4 Throwing
 + Level 7.7 Dodging
 + Level 4.3 Stealth
 + Level 6.1 Shields


You had 11 spell levels left.
You didn't know any spells.
Your spell library contained the following spells:

 Spells                   Type           Power      Damage    Failure   Level
 Animate Skeleton         Necr           0%         N/A       71%         1
 Pain                     Necr           0%         1d4       71%         1
 Corpse Rot               Necr/Air       0%         N/A       83%         2
 Ensorcelled Hibernation  Hex/Ice        0%         N/A       83%         2
 Confusing Touch          Hex            0%         N/A       96%         3
 Spider Form              Tmut/Pois      0%         N/A       96%         3
 Vampiric Draining        Necr           0%         2d6       96%         3
 Anguish                  Hex/Necr       0%         N/A       100%        4
 Cause Fear               Hex            0%         N/A       100%        4
 Dispel Undead            Necr           0%         3d6       100%        4
 Passage of Golubria      Tloc           0%         N/A       100%        4
 Fireball                 Conj/Fire      0%         3d3       100%        5
 Silence                  Hex/Air        0%         N/A       100%        5
 Yara's Violent Unravell  Hex/Tmut       0%         3d3       100%        5
 Death Channel            Necr           0%         N/A       100%        6
 Starburst                Conj/Fire      0%         6d3       100%        6
 Dragon Form              Tmut           0%         N/A       100%        7
 Enfeeble                 Hex            0%         N/A       100%        7
 Ignition                 Fire           0%         3d3       100%        8
 Lehudib's Crystal Spear  Conj/Erth      0%         10d2      100%        8
 Dragon's Call            Summ           0%         N/A       100%        9


Dungeon Overview and Level Annotations

Branches:
Dungeon (11/15)            Temple (1/1) D:6            Lair (0/6) D:9
    Orc (0/2) D:9         Gauntlet (1/1)

Altars:
Ashenzari
Cheibriados
Dithmenos
Elyvilon
Fedhas
Gozag
Hepliaklqana
Kikubaaqudgha
Makhleb
Nemelex Xobeh
Okawaru
Qazlal
Ru
Sif Muna
Trog
Uskayaw
Vehumet
Wu Jian
Xom
Yredelemnul
Zin
The Shining One
Lugonu

Shops:
D:6 *

Annotations:
D:3 3 runed translucent doors
D:7 2 transporters, NotreDorf's ghost, novice MfGl Gauntlet 9 transporters, exclusion: oklob plant


Innate Abilities, Weirdness & Mutations

Your life essence is reduced to manifest your ancestor. (-10% HP)
You are too large for most types of armour.
You have claws for hands.
Your natural rate of healing is unusually fast.
You are covered in fur. (AC +1)
You have tough skin. (AC +1)
You have large cloven feet.
Your skin changes colour to match your surroundings (Stealth+).
Your spells are a little harder to cast, but a little more powerful.


Message History

The blast of calcifying dust hits you but does no damage.
You are engulfed in calcifying dust.
The molten gargoyle blasts magma at you!
The bolt of magma hits you!! You partially resist.
* * * LOW HITPOINT WARNING * * *
The bolt of magma hits Bintanath.
Bintanath partially resists.
The catoblepas gores you!
* * * LOW HITPOINT WARNING * * *
The molten gargoyle blasts magma at you!
The bolt of magma hits you! You partially resist.
* * * LOW HITPOINT WARNING * * *
The bolt of magma hits Bintanath!!
Bintanath partially resists.
The catoblepas breathes a plume of calcifying dust at you.
The blast of calcifying dust hits you but does no damage.
You are engulfed in calcifying dust.
The molten gargoyle hits you but does no damage.
The catoblepas gores you!!
* * * LOW HITPOINT WARNING * * *
Bintanath gestures at the molten gargoyle while chanting.
The puff of frost hits the molten gargoyle.
You are engulfed in calcifying dust.
The molten gargoyle blasts magma at you!
The bolt of magma hits you! You partially resist.
* * * LOW HITPOINT WARNING * * *
The bolt of magma hits Bintanath!
Bintanath partially resists.
The catoblepas gores you.
* * * LOW HITPOINT WARNING * * *
Bintanath casts a spell at the molten gargoyle.
The stone arrow hits the molten gargoyle!!
You turn to flesh and can move again.
You hit the catoblepas. You freeze the catoblepas.
You kick the catoblepas, but do no damage.
The catoblepas is severely wounded.
You are engulfed in calcifying dust.
The molten gargoyle blasts magma at Bintanath!
The bolt of magma hits you! You partially resist.
You die...

≈#############§#≈#≈#≈#≈###
.§...8.∩.8..............≈#
........................##
##.#########.#########..≈#
##.#h.!©[).#.#Y.|©##.#..##
##.#.......#.#.=?##..#..≈#
.#.#.#####.#.#..##...#..##
.#.#...©...#.#.##R.#.#..≈#
.#.#.#####2#.#.#@^##.#..##
h#.#......h#.#99Y##..#..§#
2#.#......h#.#.9##...#..##
######################..≈#
.......©.........©.#...###
.......©...........#...≈#
####################.§###
..#....©....#........§§#
..#.........#........###


You could see the friendly Bintanath the battlemage, a catoblepas, a molten
gargoyle (ally target), 2 hell hounds and 2 gargoyles.

Vanquished Creatures
  Snorg (D:9)
  3 two-headed ogres
  A hell hog (Gauntlet)
  Pikel (D:6)
  3 deep elf pyromancers
  A necromancer (Gauntlet)
  Maurice (D:8)
  A gargoyle (D:8)
  An unseen horror (D:10)
  An efreet (D:8)
  A slime creature (D:8)
  3 fire bats (Gauntlet)
  3 yaks
  2 steam dragons
  A hell hound (Gauntlet)
  A water moccasin (D:6)
  3 orc warriors (D:9)
  3 black bears
  5 wolves (Gauntlet)
  A centaur (D:5)
  2 gnoll sergeants
  A scorpion (D:6)
  2 killer bees (D:7)
  2 howler monkeys
  A centaur zombie (D:8)
  A bullfrog zombie (D:5)
  2 hounds (D:4)
  A bullfrog skeleton (D:4)
  3 orc priests
  2 jellies
  7 iguanas
  4 orc wizards
  A hound skeleton (D:4)
  5 adders
  12 gnolls
  3 howler monkey skeletons
  3 dart slugs
  23 orcs
  13 ball pythons
  8 endoplasms
  2 giant cockroaches
  15 hobgoblins
  4 jackals
  14 kobolds
  3 quokkas
  7 bats
  3 frilled lizards
  12 goblins
  5 rats
198 creatures vanquished.

Vanquished Creatures (collateral kills)
  A hydra (D:6)
  A skeletal warrior (D:8)
  A cyclops (D:11)
  Joseph (D:10)
  An unseen horror (D:11)
  A vampire (D:10)
  A wyvern (D:9)
  A fire bat (Gauntlet)
  A wraith (D:10)
  3 yaks (D:9)
  A hell hound (Gauntlet)
  3 water moccasins
  A black bear (D:6)
  3 orc warriors
  A wolf (Gauntlet)
  2 lemures (D:7)
  3 centaurs (D:8)
  2 kobold brigands
  A bullfrog (D:8)
  A wyvern zombie (D:6)
  2 killer bees
  3 wights (D:7)
  2 electric eels (D:9)
  4 howler monkeys
  2 centaur zombies
  4 orc priests
  A bullfrog skeleton (D:6)
  Crazy Yiuf (D:7)
  8 orc wizards
  A killer bee zombie (D:8)
  2 howler monkey zombies
  An adder (D:6)
  9 gnolls
  A howler monkey skeleton (D:6)
  3 white imps
  10 orcs
  2 goblins (D:5)
  11 kobolds
97 creatures vanquished.

Vanquished Creatures (others)
  A two-headed ogre (D:8)
  A centaur zombie (D:8)
  11 battlemagi
  34 plants
  5 withered plants (Gauntlet)
52 creatures vanquished.

Grand Total: 347 creatures vanquished

Notes
Turn   | Place    | Note
-------+----------+-------------------------------------------
     0 | D:1      | issech the Troll Monk began the quest for the Orb.
     0 | D:1      | Reached XP level 1. HP: 22/22 MP: 0/0
    99 | D:1      | Reached XP level 2. HP: 29/29 MP: 1/1
   121 | D:1      | Reached skill level 3 in Maces & Flails
   651 | D:1      | Reached XP level 3. HP: 36/36 MP: 2/2
   961 | D:2      | Found a faded altar of an unknown god.
  1051 | D:2      | Reached XP level 4. HP: 41/44 MP: 3/3
  1090 | D:2      | Reached skill level 4 in Maces & Flails
  1914 | D:3      | Identified the ring of Hosuz {Fly Str+3}
  1935 | D:3      | Reached XP level 5. HP: 48/53 MP: 4/4
  1974 | D:3      | Found a runed translucent gate.
  1974 | D:3      | Found a runed translucent gate.
  1975 | D:3      | Found a runed translucent gate.
  2390 | D:3      | You are sucked into a shaft and drop 1 floor!
  2390 | D:4      | Found a hide-covered altar of Uskayaw.
  2390 | D:4      | Found a burning altar of Makhleb.
  2390 | D:4      | Found a snail-covered altar of Cheibriados.
  2394 | D:4      | Found a sacrificial altar of Ru.
  2396 | D:4      | Found a shadowy altar of Dithmenos.
  2396 | D:4      | Found a glowing golden altar of the Shining One.
  2743 | D:4      | Identified the +4 scale mail of the Garden {rC+}
  2755 | D:4      | Reached XP level 6. HP: 61/61 MP: 5/5
  3082 | D:5      | Entered Level 5 of the Dungeon
  3114 | D:5      | Reached skill level 5 in Maces & Flails
  3736 | D:5      | Reached XP level 7. HP: 53/67 MP: 6/6
  3994 | D:5      | Found an ornate altar of the Wu Jian Council.
  3994 | D:5      | Found a hazy altar of Hepliaklqana.
  4014 | D:5      | Became a worshipper of Hepliaklqana the Forgotten
  4014 | D:5      | Reached * piety under Hepliaklqana
  4014 | D:5      | Reached ** piety under Hepliaklqana
  4015 | D:5      | Remembered your ancestor Bintanath as a battlemage
  4080 | D:5      | Reached skill level 1 in Shields
  4474 | D:5      | Reached skill level 6 in Maces & Flails
  4743 | D:6      | Reached XP level 8. HP: 60/70 MP: 7/7
  5112 | D:6      | Found a staircase to the Ecumenical Temple.
  5124 | Temple   | Entered the Ecumenical Temple
  5582 | D:6      | Found Elifabb's Assorted Antiques.
  5586 | D:6      | Bought a scroll of identify for 60 gold pieces
  5590 | D:6      | Bought a scroll of identify for 60 gold pieces
  5788 | D:7      | Noticed Pikel
  5826 | D:6      | Killed Pikel
  5827 | D:6      | Reached skill level 7 in Maces & Flails
  5827 | D:6      | Reached skill level 5 in Dodging
  5827 | D:6      | Reached XP level 9. HP: 25/78 MP: 8/8
  5960 | D:7      | Found a runed translucent door.
  5961 | D:7      | Noticed Crazy Yiuf
  5969 | D:7      | Killed Crazy Yiuf
  6047 | D:7      | Found a transporter.
  6051 | D:7      | Noticed NotreDorf's ghost (novice MfGl)
  6072 | D:7      | Found a transporter.
  6072 | D:7      | Reached *** piety under Hepliaklqana
  6169 | D:7      | Noticed a four-headed hydra
  6190 | D:6      | Killed a four-headed hydra
  6191 | D:6      | Reached skill level 5 in Fighting
  6191 | D:6      | Reached skill level 8 in Maces & Flails
  6202 | D:7      | Identified the +3 leather armour of Ru's Scorn {rC+ Str+3}
  6287 | D:7      | Identified the +4 plate armour "Maitrion" {Drain Fly rF++
                  | Stlth+}
  6299 | D:7      | Found a stormy altar of Qazlal.
  6416 | D:7      | Noticed a deep elf pyromancer
  6426 | D:7      | Killed a deep elf pyromancer
  6614 | D:8      | Found a glowing silver altar of Zin.
  6635 | D:8      | Noticed an efreet
  6645 | D:8      | Noticed a two-headed ogre
  6645 | D:8      | Noticed a two-headed ogre
  6653 | D:8      | Killed a two-headed ogre
  6737 | D:7      | Killed a two-headed ogre
  6738 | D:7      | Reached XP level 10. HP: 52/88 MP: 9/9
  6850 | D:8      | Noticed a gargoyle
  6860 | D:8      | Killed a gargoyle
  6861 | D:8      | Reached skill level 9 in Maces & Flails
  6903 | D:8      | Noticed a two-headed ogre
  6903 | D:8      | Noticed a deep elf pyromancer
  6923 | D:8      | Killed a deep elf pyromancer
  6975 | D:8      | Killed a two-headed ogre
  7024 | D:8      | Found a shimmering blue altar of Sif Muna.
  7061 | D:8      | Noticed Maurice
  7079 | D:8      | Killed Maurice
  7176 | D:8      | Identified the +1 ring mail of Undesirable Species {Harm
                  | rF+ rN+ Str+6}
  7176 | D:8      | Noticed a skeletal warrior
  7187 | D:8      | Killed a skeletal warrior
  7299 | D:8      | Identified the ring "Oklykhal" {rF+ Will+ Int+4}
  7299 | D:8      | Noticed a deep elf pyromancer
  7427 | D:8      | Found an opulent altar of Gozag.
  7720 | D:8      | Killed a deep elf pyromancer
  7721 | D:8      | Reached skill level 10 in Maces & Flails
  7779 | D:8      | Found a white marble altar of Elyvilon.
  7852 | D:8      | Reached XP level 11. HP: 96/96 MP: 10/10
  8081 | D:8      | Found a basalt altar of Yredelemnul.
  8140 | D:9      | Found a staircase to the Lair.
  8706 | D:9      | Found a bloodstained altar of Trog.
  9103 | D:9      | Found a staircase to the Orcish Mines.
  9230 | D:9      | Reached **** piety under Hepliaklqana
  9761 | D:10     | Entered Level 10 of the Dungeon
  9806 | D:10     | Reached skill level 5 in Shields
  9812 | D:10     | Noticed Snorg
 10043 | D:9      | Killed Snorg
 10044 | D:9      | Reached skill level 1 in Throwing
 10252 | D:10     | Noticed a two-headed ogre
 10270 | D:10     | Killed a two-headed ogre
 10324 | D:10     | Noticed Joseph
 10341 | D:10     | Killed Joseph
 11352 | D:11     | Found a gate leading to a gauntlet.
 11367 | Gauntlet | Entered a Gauntlet
 11367 | Gauntlet | Noticed an oklob plant
 11367 | Gauntlet | Found a transporter.
 11367 | Gauntlet | Found a transporter.
 11380 | Gauntlet | Found a transporter.
 11398 | Gauntlet | Found a transporter.
 11398 | Gauntlet | Found a transporter.
 11398 | Gauntlet | Found a transporter.
 11400 | Gauntlet | Found a transporter.
 11400 | Gauntlet | Found a transporter.
 11403 | Gauntlet | Noticed a hell hog
 11406 | Gauntlet | Noticed a hell beast
 11420 | Gauntlet | Reached ***** piety under Hepliaklqana
 11424 | Gauntlet | Found a transporter.
 11425 | Gauntlet | Found the ring of the Octopus King
 11427 | Gauntlet | Noticed a catoblepas
 11433 | Gauntlet | Found a transporter.
 11443 | Gauntlet | Found a transporter.
 11451 | Gauntlet | Noticed a hell beast
 11462 | Gauntlet | Found a transporter.
 11483 | Gauntlet | Found a transporter.
 11493 | Gauntlet | Noticed a necromancer
 11502 | Gauntlet | Found a transporter.
 11543 | Gauntlet | Gained mutation: You have large cloven feet. [potion of
                  | mutation]
 11543 | Gauntlet | Gained mutation: Your spells are a little harder to cast,
                  | but a little more powerful. [potion of mutation]
 11543 | Gauntlet | Gained mutation: Your skin changes colour to match your
                  | surroundings (Stealth+). [potion of mutation]
 11580 | Gauntlet | Killed a necromancer
 11648 | Gauntlet | Killed a hell hog
 11651 | Gauntlet | Reached XP level 12. HP: 58/107 MP: 11/11
 11668 | Gauntlet | Identified the +0 cloak "Inag" {Regen+ Slay+5 Stlth-}
 11796 | Gauntlet | Killed from afar by a molten gargoyle

Illustrated notes

Levels and vault maps discovered:
D:1:      eino_arrival_cavern_d, layout_loops_ring, minmay_shallow_snake_nest
D:2:      layout_loops_ring, basic_ecumenical_altar, minmay_3d_cube
D:3:      layout_loops_ring, gammafunk_ghost_cemetery, corexii_hall_statues_i
D:4:      layout_loops_ring, grunt_temple_overflow_open
D:5:      corexii_shantytown, layout_loops_ring,
          gammafunk_temple_overflow_pools, dk_noncrumbling_2
D:6:      layout_basic, minmay_temple_entry_antechambers, serial_shops,
          kennysheep_mini, kennysheep_dice
D:7:      layout_loops_ring, mainiacjoe_overflow_alcove_2,
          gammafunk_ghost_stat_death, guppyfry_early_elven_hall, uniq_pikel,
          uniq_crazy_yiuf_cottage
D:8:      nzn_winding_woodlands_cross [nzn_winding_woodlands_5x15_split_checker,
          nzn_winding_woodlands_5x15_sawtooth,
          nzn_winding_woodlands_5x15_longhouse, nzn_winding_woodlands_5x15_eye,
          nzn_winding_woodlands_15x15_five_gardens], layout_cave_pools,
          kennysheep_ying_yang, mainiacjoe_overflow_catch_the_wave,
          grunt_gozag_breadcrumbs, serial_rivers,
          chequers_serial_rivers_large_b, chequers_serial_rivers_room_b,
          chequers_serial_rivers_micro_d, chequers_serial_rivers_micro_b,
          chequers_serial_rivers_micro_a, chequers_serial_rivers_small_3,
          uniq_maurice
D:9:      layout_long_grid, trog_butcher_becter, dpeg_oklobed_lair, david_orc_4,
          water_maze_lemuel
D:10:     layout_small_grid, nicolae_figureground_sparkle, uniq_joseph,
          uniq_snorg
D:11:     layout_grid_maze, gauntlet_entry_generic
Temple:   corrupted_temple
Gauntlet: gammafunk_gauntlet_mixed_choke_point [minmay_gauntlet_arena_77_museum,
          minmay_gauntlet_arena_77_fan, minmay_gauntlet_arena_77_two_paths,
          gammafunk_gauntlet_arena_teeth, minmay_gauntlet_arena_77_two_lines,
          minmay_gauntlet_arena_77_chump_sandwich,
          minmay_gauntlet_arena_77_p_blocks, dreamdust_gauntlet_exit_labyrinth]

Skill      XL: |  1  2  3  4  5  6  7  8  9 10 11 |
---------------+----------------------------------+-----
Maces & Flails | 3 4 5 6 7 8 10 | 10.9
Dodging        | 3 4 5 6 7 |  7.7
Fighting       | 3 4 5 6 7 |  7.7
Shields        | 1 2 3 4 6 |  6.1
Stealth        | 2 3 4 |  4.3
Throwing       | 2 |  2.4

Action                   |  1- 3 |  4- 6 |  7- 9 | 10-12 || total
-------------------------+-------+-------+-------+-------++-------
Melee: Mace              |    16 |       |   139 |   348 ||   503
       Whip              |   112 |   182 |       |       ||   294
       Punch             |     1 |     4 |       |       ||     5
       Flail             |       |    59 |    54 |       ||   113
       Kick              |       |       |       |    20 ||    20
Throw: Stone             |       |       |     1 |    41 ||    42
Invok: Ancestor Life: Ba |       |       |     1 |       ||     1
  Use: Scroll            |       |     4 |     8 |     8 ||    20
       Potion            |       |       |       |     7 ||     7
 Stab: Sleeping          |     2 |     7 |     5 |     2 ||    16
       Distracted        |       |       |     3 |     8 ||    11
Armor: Robe              |    35 |    67 |    48 |     1 ||   151
       Steam dragon scal |       |       |       |    79 ||    79
Dodge: Dodged            |    59 |   118 |   127 |   196 ||   500
Block: Kite shield       |       |    25 |   103 |   168 ||   296
